 Dungeon Crawl Stone Soup version 0.28-a0-728-g0181a31188 (webtiles) character file.

Game seed: 10423724516806177337

3229 Ijustatesigmund the Covert (level 9, -4/74 HPs)
             Began as a Gnoll Delver on Oct 28, 2021.
             Succumbed to a hornet's poison
             ... on level 7 of the Dungeon.
             The game lasted 00:15:46 (11877 turns).

Ijustatesigmund the Covert (Gnoll Delver)          Turns: 11877, Time: 00:15:46

Health: -4/74      AC: 10    Str: 13    XL:     9   Next: 98%
Magic:  25/25      EV:  8    Int: 11    God:
Gold:   374        SH:  0    Dex: 14    Spells: 17/17 levels left

rFire   . . .      SeeInvis .   i - +7 broad axe of Otuann {venom, rCorr MP+9}
rCold   . . .      Faith    .   (no shield)
rNeg    . . .      Spirit   .   b - +0 chain mail
rPois   .          Reflect  .   (no helmet)
rElec   .          Harm     .   (no cloak)
rCorr   +          Rampage  .   (no gloves)
Will    .....                   j - +0 pair of boots
Stlth   ++........              r - amulet of the acrobat
HPRegen 0.22/turn               (no ring)
MPRegen 0.19/turn               (no ring)

@: lethally poisoned (-4 -> -37), slowed, studying Shields, very slow
A: fangs 1, strong nose, distributed training
a: no special abilities


You were on level 7 of the Dungeon.
You visited 2 branches of the dungeon, and saw 8 of its levels.

You collected 374 gold pieces.

Inventory:

Hand Weapons
 a - the +9 whip "Apases" {vorpal, rC+}
   (You found it on level 4 of the Dungeon)

   It inflicts extra damage upon your enemies.
   rC:        It protects you from cold.
 i - the +7 broad axe of Otuann (weapon) {venom, rCorr MP+9}
   (You acquired it on level 4 of the Dungeon)

   It poisons the flesh of those it strikes.
   MP:        It affects your magic capacity (+9).
   rCorr:     It protects you from acid and corrosion.
 o - a +2 hand axe of electrocution
Missiles
 l - 2 curare-tipped darts (quivered)
Armour
 b - a +0 chain mail (worn)
 j - a +0 pair of boots (worn)
Jewellery
 e - a ring of fire
 r - an amulet of the acrobat (around neck)
Wands
 g - a wand of digging (2)
 m - a wand of acid (7)
 q - a wand of paralysis (5)
 t - a wand of iceblast (7)
Scrolls
 c - 3 scrolls of fog
 d - a scroll of magic mapping
 n - 2 scrolls of teleportation
 p - a scroll of enchant weapon
 u - a scroll of blinking
Potions
 f - 2 potions of invisibility
 h - 3 potions of brilliance
 k - a potion of flight
 s - a potion of cancellation {unknown}


   Skills:
 + Level 8.2 Fighting
 + Level 4.7 Short Blades
 + Level 4.7 Long Blades
 + Level 6.7 Axes
 + Level 4.7 Maces & Flails
 + Level 4.7 Polearms
 + Level 4.7 Staves
 + Level 4.7 Slings
 + Level 4.7 Bows
 + Level 4.7 Crossbows
 + Level 4.7 Throwing
 + Level 4.7 Armour
 + Level 6.7 Dodging
 + Level 10.7 Stealth
 + Level 6.9 Shields
 + Level 4.7 Unarmed Combat
 + Level 4.7 Spellcasting
 + Level 3.9 Conjurations
 + Level 3.9 Hexes
 + Level 3.9 Summonings
 + Level 3.9 Necromancy
 + Level 3.9 Translocations
 + Level 3.9 Transmutations
 + Level 3.9 Fire Magic
 + Level 3.9 Ice Magic
 + Level 3.9 Air Magic
 + Level 3.9 Earth Magic
 + Level 3.9 Poison Magic
 + Level 5.2 Invocations
 + Level 4.7 Evocations


You had 17 spell levels left.
You didn't know any spells.
Your spell library contained the following spells:

 Spells                   Type           Power      Damage    Failure   Level
 Corpse Rot               Necr/Air       22%        N/A       86%         2
 Dazzling Flash           Conj/Hex       22%        N/A       98%         3
 Frozen Ramparts          Ice            22%        1d4       98%         3
 Dispel Undead            Necr           11%        3d9       100%        4
 Ice Form                 Ice/Tmut       11%        N/A       100%        4
 Summon Ice Beast         Ice/Summ       11%        N/A       100%        4
 Agony                    Necr           11%        N/A       100%        5
 Silence                  Hex/Air        5%         N/A       100%        5
 Death Channel            Necr           5%         N/A       100%        6


Dungeon Overview and Level Annotations

Branches:
Dungeon (7/15)             Temple (1/1) D:6

Altars:
Makhleb
Wu Jian


Innate Abilities, Weirdness & Mutations

You have very sharp teeth.
Your uncanny sense of smell can sniff out nearby items.
Your experience applies equally to all skills.


Message History

Your chain mail prevents you from hitting the hornet.
You bite the hornet, but do no damage.
The hornet is moderately wounded.
You completely miss the orc.
You feel yourself speed up.
You feel very sick. The hornet stings you!
You are more poisoned.
You feel yourself slow down. The hornet misses you.
The orc hits you with a +0 club. The hornet barely misses you.
The orc hits you but does no damage.
You miss the hornet.
The hornet is moderately wounded.
You slash the orc!
You kill the orc!
You feel very sick. The hornet stings you.
You suddenly lose the ability to move!
The hornet stings you but does no damage.
The hornet stings you.
You are more poisoned.
You feel as though you will be slow longer.
You feel very sick. The hornet barely misses you.
The orc warrior hits you but does no damage.
The hornet stings you!
You are lethally poisoned!
You feel as though you will be slow longer.
* * * LOW HITPOINT WARNING * * *
You feel very sick.
The orc warrior hits you from afar with a +0 trident!
* * * LOW HITPOINT WARNING * * *
The hornet stings you.
* * * LOW HITPOINT WARNING * * *
You are more poisoned.
You feel as though you will be slow longer.
You can move again.
Blink to where?
Press: ? - help, Dir - move target
As you read the scroll of blinking, it crumbles to dust.
You die...

..[............
#............$...
#................
#................
#................
#................
#.......)........
#.......[ยง.......
#...@....y.......
####.....o...####
+.........#
#.........#
#.........#
#.........#
#.........#
#........


You could see a hornet (poisoned) and an orc warrior.

Vanquished Creatures
  Grinder (D:5)
  A wraith (D:4)
  3 yaks (D:4)
  A steam dragon (D:6)
  Menkaure (D:5)
  A water moccasin (D:4)
  3 sky beasts
  A black bear (D:5)
  A necrophage (D:5)
  An ogre (D:6)
  A wyvern zombie (D:6)
  A bullfrog (D:6)
  A gnoll sergeant (D:6)
  2 water moccasin zombies
  2 scorpions
  2 water moccasin skeletons
  2 killer bees
  4 wights
  A hound (D:5)
  2 jellies (D:5)
  2 bullfrog skeletons (D:6)
  A gnoll shaman (Temple)
  4 iguanas
  6 orc wizards
  3 killer bee zombies
  6 adders
  8 gnolls
  A white imp (D:6)
  2 worms (D:2)
  An adder skeleton (D:4)
  4 dart slugs
  26 orcs
  8 endoplasms
  2 giant cockroaches
  7 goblins
  13 hobgoblins
  5 jackals
  2 quokkas
  7 ball pythons
  7 bats
  9 frilled lizards
  10 kobolds
  8 rats
  A bush (D:2)
175 creatures vanquished.

Vanquished Creatures (others)
  13 plants
13 creatures vanquished.

Grand Total: 188 creatures vanquished

Notes
Turn   | Place    | Note
-------+----------+-------------------------------------------
     0 | D:5      | Reached skill level 9 in Stealth
     0 | D:5      | Ijustatesigmund the Gnoll Delver began the quest for the
                  | Orb.
     0 | D:5      | Reached XP level 1. HP: 23/23 MP: 1/1
    10 | D:5      | Noticed an iguana
    23 | D:5      | Noticed a scorpion
    27 | D:5      | Noticed a wraith
    28 | D:5      | Noticed a water moccasin
   216 | D:3      | Reached XP level 2. HP: 6/29 MP: 2/2
   725 | D:2      | Reached skill level 1 in Shields
   951 | D:2      | Reached XP level 3. HP: 29/35 MP: 3/3
  1029 | D:1      | Found a faded altar of an unknown god.
  1208 | D:1      | Reached skill level 1 in Invocations
  1466 | D:1      | Reached skill level 1 in Short Blades
  1466 | D:1      | Reached skill level 1 in Long Blades
  1466 | D:1      | Reached skill level 1 in Maces & Flails
  1466 | D:1      | Reached skill level 1 in Polearms
  1466 | D:1      | Reached skill level 1 in Staves
  1466 | D:1      | Reached skill level 1 in Slings
  1466 | D:1      | Reached skill level 1 in Bows
  1466 | D:1      | Reached skill level 1 in Crossbows
  1466 | D:1      | Reached skill level 1 in Throwing
  1466 | D:1      | Reached skill level 1 in Armour
  1466 | D:1      | Reached skill level 1 in Unarmed Combat
  1466 | D:1      | Reached skill level 1 in Spellcasting
  1466 | D:1      | Reached skill level 1 in Evocations
  1729 | D:1      | Reached XP level 4. HP: 41/41 MP: 5/5
  3050 | D:3      | Reached skill level 1 in Conjurations
  3050 | D:3      | Reached skill level 1 in Hexes
  3050 | D:3      | Reached skill level 1 in Summonings
  3050 | D:3      | Reached skill level 1 in Necromancy
  3050 | D:3      | Reached skill level 1 in Translocations
  3050 | D:3      | Reached skill level 1 in Transmutations
  3050 | D:3      | Reached skill level 1 in Fire Magic
  3050 | D:3      | Reached skill level 1 in Ice Magic
  3050 | D:3      | Reached skill level 1 in Air Magic
  3050 | D:3      | Reached skill level 1 in Earth Magic
  3050 | D:3      | Reached skill level 1 in Poison Magic
  3132 | D:3      | Reached XP level 5. HP: 27/47 MP: 6/6
  4778 | D:3      | Reached XP level 6. HP: 19/53 MP: 8/8
  5053 | D:4      | Identified the +9 whip "Apases" {vorpal, rC+}
  5582 | D:4      | Reached skill level 5 in Axes
  5582 | D:4      | Reached skill level 5 in Dodging
  5883 | D:4      | Noticed a yak
  5885 | D:4      | Noticed a yak
  5885 | D:4      | Noticed a yak
  5890 | D:4      | Killed a yak
  5891 | D:4      | Reached XP level 7. HP: 40/60 MP: 10/10
  6101 | D:4      | Killed a wraith
  6196 | D:4      | Reached skill level 10 in Stealth
  6456 | D:4      | Reached XP level 8. HP: 55/67 MP: 12/12
  6676 | D:4      | Identified a scroll of acquirement
  6676 | D:4      | Acquired the +7 broad axe of Otuann {venom, rCorr MP+9}
  7152 | D:4      | Killed a yak
  7156 | D:4      | Killed a yak
  7723 | D:5      | Noticed Grinder
  7732 | D:5      | Killed Grinder
  7733 | D:5      | Reached skill level 5 in Shields
  7887 | D:5      | Noticed Menkaure
  7892 | D:5      | Killed Menkaure
  7893 | D:5      | Reached XP level 9. HP: 60/72 MP: 14/14
  8043 | D:5      | Found a burning altar of Makhleb.
  8653 | D:5      | Found an ornate altar of the Wu Jian Council.
  9033 | D:6      | Found a staircase to the Ecumenical Temple.
  9046 | Temple   | Entered the Ecumenical Temple
 10700 | D:6      | Reached skill level 5 in Invocations
 11736 | D:7      | Noticed a hornet
 11874 | D:7      | Paralysed by a hornet for 3 turns
 11877 | D:7      | Succumbed to a hornet's poison

Illustrated notes

Levels and vault maps discovered:
D:1:      sevenhm_arrival_forest_fort_small_4, layout_loops_cross,
          chequers_ecumenical_altar_simple_redux
D:2:      layout_basic, serial_forest, infiniplex_forest_end_2,
          infiniplex_forest_straight_2, infiniplex_forest_clump_large,
          infiniplex_forest_clump_medium, infiniplex_forest_clump_curved,
          infiniplex_forest_corner_1, solitary_fountain, minivault_4,
          minmay_misc_feat_x
D:3:      corexii_shack_village, layout_loops_ring, minmay_joined_circles
D:4:      layout_layer_cave
D:5:      layout_loops_ring, lemuel_round_altar, lightli_temple_of_fire,
          minmay_manual_mess, uniq_menkaure, uniq_grinder
D:6:      minmay_diamond_boxcup, layout_rooms, minmay_temple_entry_wispy
D:7:      layout_gridville, gammafunk_ghost_icy, kennysheep_potato
Temple:   regret_index_temple_generic_petals

Skill      XL: |  1  2  3  4  5  6  7  8  9 |
---------------+----------------------------+-----
Stealth        | 10 | 10.7
Shields        | 1 2 3 4 5 6 |  6.9
Invocations    | 1 2 3 4 5 |  5.2
Short Blades   | 1 2 3 4 |  4.7
Long Blades    | 1 2 3 4 |  4.7
Maces & Flails | 1 2 3 4 |  4.7
Polearms       | 1 2 3 4 |  4.7
Staves         | 1 2 3 4 |  4.7
Slings         | 1 2 3 4 |  4.7
Bows           | 1 2 3 4 |  4.7
Crossbows      | 1 2 3 4 |  4.7
Throwing       | 1 2 3 4 |  4.7
Armour         | 1 2 3 4 |  4.7
Unarmed Combat | 1 2 3 4 |  4.7
Spellcasting   | 1 2 3 4 |  4.7
Evocations     | 1 2 3 4 |  4.7
Conjurations   | 1 2 3 |  3.9
Hexes          | 1 2 3 |  3.9
Summonings     | 1 2 3 |  3.9
Necromancy     | 1 2 3 |  3.9
Translocations | 1 2 3 |  3.9
Transmutations | 1 2 3 |  3.9
Fire Magic     | 1 2 3 |  3.9
Ice Magic      | 1 2 3 |  3.9
Air Magic      | 1 2 3 |  3.9
Earth Magic    | 1 2 3 |  3.9
Poison Magic   | 1 2 3 |  3.9
Axes           | 5 6 |  6.7
Dodging        | 5 6 |  6.7
Fighting       | 7 8 |  8.2

Action                   |  1- 3 |  4- 6 |  7- 9 || total
-------------------------+-------+-------+-------++-------
Melee: Hand axe          |   276 |   221 |       ||   497
       Bite              |    30 |    21 |    15 ||    66
       Punch             |       |     1 |     2 ||     3
       Whip              |       |    27 |    31 ||    58
       Broad axe         |       |       |   182 ||   182
Throw: Dart              |       |     3 |       ||     3
Evoke: Wand              |       |     5 |     1 ||     6
  Use: Scroll            |     1 |    10 |     6 ||    17
       Potion            |     1 |     3 |     5 ||     9
 Stab: Sleeping          |     6 |       |       ||     6
       Distracted        |     1 |       |       ||     1
       Paralysed         |       |     2 |       ||     2
Armor: Leather armour    |    11 |       |       ||    11
       Chain mail        |    42 |   143 |   136 ||   321
       Skin              |       |       |    20 ||    20
Dodge: Dodged            |    58 |    60 |   100 ||   218

Table legend: (Time is in decaauts)
 A = Elapsed time spent in this place.
 B = Non-inter-level travel time spent in this place.
 C = Inter-level travel time spent in this place.
 D = Time resting spent in this place.
 E = Time spent auto-exploring this place.
 F = Levels seen in this place.
 G = Mean time per level.
                   A        B        C        D        E       F      G
               +--------+--------+--------+--------+--------+-----+--------+
         Total |  11902 |  11698 |    204 |   5859 |   4084 |   8 | 1487.8 |
       Dungeon |  10893 |  10689 |    204 |   4889 |   4084 |   7 | 1556.1 |
        Temple |   1009 |   1009 |      0 |    970 |      0 |   1 | 1009.0 |
               +--------+--------+--------+--------+--------+-----+--------+

Top non-repeatable levels by time:
     D:5: 2351 daAuts
     D:3: 2300 daAuts
     D:4: 2293 daAuts
     D:2: 1857 daAuts
     D:1: 1071 daAuts
  Temple: 1009 daAuts
     D:6: 994 daAuts
     D:7: 25 daAuts
